 Dungeon Crawl Stone Soup version 0.31-a0-920-g28cbb04a8c (webtiles) character file.

Game seed: 9308074798551964253

53 MachoJfn the Magician (level 4, 0/31 HPs)
             Began as a Djinni Fire Elementalist on Oct 17, 2023.
             Slain by Stellion's ghost (10 damage)
             ... on level 3 of the Dungeon.
             The game lasted 00:06:23 (1888 turns).

MachoJfn the Magician (Djinni Fire Elementalist)    Turns: 1888, Time: 00:06:24

Health: 0/31       AC:  4    Str:  7    XL:     4   Next: 10%
Gold:   94         EV: 13    Int: 18    God:
                   SH:  0    Dex: 14

rFire   + + .        d - staff of death
rCold   x . .        (no shield)
rNeg    + . .        a - +0 robe
rPois   ∞            i - +0 helmet
rElec   .            (no cloak)
rCorr   .            j - +0 pair of gloves
SInv    .            (boots unavailable)
Will    .....        (no amulet)
Stlth   ++           (no ring)
HPRegen 0.25/turn    (no ring)
MPRegen 0.00/turn

%: infuse magic (-1 HP)
@: flying
A: sickness immunity, fire resistance 2, cold vulnerability 1, float, innate
caster, HP casting, extra vitality 1
a: no special abilities


You were on level 3 of the Dungeon.
You visited 1 branch of the dungeon, and saw 3 of its levels.

You collected 94 gold pieces.

Inventory:

Missiles
 b - 14 stones
Armour
 a - a +0 robe (worn)
 i - a +0 helmet (worn)
 j - a +0 pair of gloves (worn)
Magical Staves
 d - a staff of death (weapon)
Scrolls
 c - 3 scrolls of teleportation
 g - 2 scrolls of identify
Potions
 e - a potion of invisibility {unknown}
 f - 2 potions of heal wounds {unknown}
 h - a potion of lignification
 k - a potion of resistance {unknown}


   Skills:
 + Level 0.2 Fighting
 + Level 2.9 Dodging
 + Level 2.1 Stealth
 * Level 3.5 Spellcasting
 * Level 3.5 Conjurations
 * Level 3.5 Hexes
 * Level 3.5 Summonings
 * Level 3.5 Necromancy
 * Level 3.5 Translocations
 * Level 3.5 Transmutations
 * Level 3.5 Fire Magic
 * Level 3.5 Ice Magic
 * Level 3.5 Air Magic
 * Level 3.5 Earth Magic
 * Level 3.5 Poison Magic


You knew the following spells:

 Your Spells              Type           Power      Damage    Failure   Level
a - Foxfire               Conj/Fire      64%        2x1d7     3%          1
b - Scorch                Fire           32%        2d6       5%          2
c - Volatile Blastmotes   Fire/Tloc      32%        2d12      11%         3
d - Inner Flame           Hex/Fire       16%        N/A       11%         3
e - Flame Wave            Conj/Fire      16%        2d7       34%         4
f - Slow                  Hex            64%        N/A       3%          1
Your spell library was empty.

Dungeon Overview and Level Annotations

Branches:
Dungeon (3/15)

Altars:

Shops:
D:2 *

Annotations:
D:3 Stellion's ghost, amateur HOFi


Innate Abilities, Weirdness & Mutations

You are immune to sickness and miasma.
You are immune to poison.
Your flesh is very heat resistant. (rF++)
You are vulnerable to cold. (rC-)
You float through the air rather than walking.
You learn spells naturally, not from books.
Your magical power is your life essence.
You have superior vitality. (+4 MHP)


Message History

Confirm with . or Enter, or press ? or * to list all spells.
Okay, then.
Casting: Volatile Blastmotes (quite dangerous; 11% risk of failure)
Confirm with . or Enter, or press ? or * to list all spells.
A cloud of volatile blastmotes flares up around you!
The cloud of blastmotes explodes!
The concussive blast engulfs Stellion's ghost!
Stellion's ghost is moderately damaged.
Casting: Volatile Blastmotes (quite dangerous; 11% risk of failure)
Confirm with . or Enter, or press ? or * to list all spells.
You conjure some foxfire!
Stellion's ghost whispers, "There is no future for you."
Your foxfire dissipates!
The foxfire hits Stellion's ghost but does no damage.
Stellion's ghost is moderately damaged.
Casting: Foxfire (safe; 3% risk of failure)
Confirm with . or Enter, or press ? or * to list all spells.
You conjure some foxfire!
Your foxfire dissipates!
The foxfire hits Stellion's ghost but does no damage.
Stellion's ghost is moderately damaged.
Casting: Foxfire (safe; 3% risk of failure)
Confirm with . or Enter, or press ? or * to list all spells.
Flames lash Stellion's ghost.
Stellion's ghost is severely damaged.
Stellion's ghost's fire resistance burns away.
Casting: Scorch (safe; 5% risk of failure)
Confirm with . or Enter, or press ? or * to list all spells.
Flames lash Stellion's ghost but do no damage.
Casting: Scorch (safe; 5% risk of failure)
Confirm with . or Enter, or press ? or * to list all spells.
Flames lash Stellion's ghost.
Stellion's ghost is severely damaged.
Stellion's ghost hits you!
Casting: Scorch (safe; 5% risk of failure)
Confirm with . or Enter, or press ? or * to list all spells.
Flames lash Stellion's ghost.
Stellion's ghost is burned terribly!
Stellion's ghost is severely damaged.
Stellion's ghost hits you!
You die...

######### ######
#..#.....
#....#########..#(...(
#....@W.........'..(..
+....########...'.[..(
#....# ##..'.(...
#....# #..#...(.
##'### #..#8..♣. #.#
######## #.# #.# #.#


You could see Stellion's ghost (combustible).

Vanquished Creatures
  2 dart slugs
  3 endoplasms
  2 giant cockroaches
  6 goblins
  A hobgoblin (D:1)
  3 jackals (D:1)
  8 kobolds
  2 quokkas
  7 ball pythons
  3 bats (D:1)
  2 frilled lizards (D:2)
  8 rats
47 creatures vanquished.

Vanquished Creatures (others)
  48 foxfires
48 creatures vanquished.

Grand Total: 95 creatures vanquished

Notes
Turn   | Place    | Note
-------+----------+-------------------------------------------
     0 | D:1      | MachoJfn the Djinni Fire Elementalist began the quest for
                  | the Orb.
     0 | D:1      | MachoJfn set off with the following spells memorised:
                  | Foxfire, Scorch, Volatile Blastmotes, Inner Flame, Flame
                  | Wave.
     0 | D:1      | Reached XP level 1. HP: 15/15 MP: 0/0
   192 | D:1      | Reached XP level 2. HP: 21/21 MP: 0/0
   474 | D:1      | Reached XP level 3. HP: 7/25 MP: 0/0
   474 | D:1      | Learned a level 1 spell: Slow
  1511 | D:2      | Reached XP level 4. HP: 26/31 MP: 0/0
  1708 | D:2      | Found Xucir's General Store.
  1863 | D:3      | Found a runed translucent gate.
  1863 | D:3      | Found a runed translucent gate.
  1863 | D:3      | Found a runed translucent gate.
  1868 | D:3      | Noticed Stellion's ghost (amateur HOFi)
  1888 | D:3      | Slain by Stellion's ghost

Illustrated notes

Levels and vault maps discovered:
D:1:      giann_forest_graveyard, layout_basic, minmay_pentomino_v4
D:2:      layout_rooms, serial_shops, shop
D:3:      layout_basic, marbit_many_paths, mainiacjoe_overflow_swirl,
          ebering_ghost_rock_garden, chequers_ecumenical_altar_simple,
          minmay_misc_feat_doors

Skill      XL: |  1  2 |
---------------+-------+-----
Spellcasting   | |  3.5
Conjurations   | |  3.5
Hexes          | |  3.5
Summonings     | |  3.5
Necromancy     | |  3.5
Translocations | |  3.5
Transmutations | |  3.5
Fire Magic     | |  3.5
Ice Magic      | |  3.5
Air Magic      | |  3.5
Earth Magic    | |  3.5
Poison Magic   | |  3.5
Stealth        | 2 |  2.1
Fighting       | |  0.2
Dodging        | |  2.9

Action                     |  1- 3 |  4- 6 || total
---------------------------+-------+-------++-------
  Melee: Unarmed           |     1 |       ||     1
   Cast: Foxfire           |    31 |     6 ||    37
         Scorch            |    31 |     7 ||    38
         Inner Flame       |     2 |       ||     2
         Slow              |       |     2 ||     2
         Volatile Blastmot |       |     1 ||     1
    Use: Scroll            |     4 |       ||     4
 Armour: Robe              |    17 |     3 ||    20
  Dodge: Dodged            |    18 |     9 ||    27

Table legend: (Time is in decaauts)
 A = Elapsed time spent in this place.
 B = Non-inter-level travel time spent in this place.
 C = Inter-level travel time spent in this place.
 D = Time resting spent in this place.
 E = Time spent auto-exploring this place.
 F = Levels seen in this place.
 G = Mean time per level.
                   A        B        C        D        E       F      G
               +--------+--------+--------+--------+--------+-----+--------+
         Total |   1888 |   1644 |    244 |    213 |   1121 |   3 |  629.3 |
       Dungeon |   1888 |   1644 |    244 |    213 |   1121 |   3 |  629.3 |
               +--------+--------+--------+--------+--------+-----+--------+

Top non-repeatable levels by time:
     D:1: 1217 daAuts
     D:2: 609 daAuts
     D:3: 61 daAuts
